 Dungeon Crawl Stone Soup version 0.30-a0-845-g7c6808c8ce (webtiles) character file.

Game seed: 15380905084560268170

1416 qeuew the Poker (level 8, -5/63 (66) HPs)
             Began as a Merfolk Gladiator on Mar 2, 2023.
             Was a Follower of Okawaru.
             Slain by a wight
             ... wielding a +0 trident
              (13 damage)
             ... on level 6 of the Dungeon.
             The game lasted 00:07:12 (3949 turns).

qeuew the Poker (Merfolk Gladiator)                 Turns: 3949, Time: 00:07:13

HP:   -5/63 (66)    AC:  5    Str: 22    XL:     8   Next: 71%
MP:   6/8           EV: 17    Int:  8    God:    Okawaru [*.....]
Gold: 958           SH:  5    Dex: 15    Spells: 7/7 levels left

rFire   . . .      SeeInvis .    k - +0 scythe (vamp)
rCold   . . .      Faith    .    (shield currently unavailable)
rNeg    . . .      Spirit   .    b - +0 leather armour
rPois   .          Reflect  +    c - +0 helmet
rElec   .          Rampage  .    (no cloak)
rCorr   .          Rage     3%   (no gloves)
Will    +....                    (no boots)
Stlth   +++                      o - amulet of reflection
HPRegen 0.30/turn                f - +6 ring of strength
MPRegen 0.11/turn                l - ring of willpower

@: heroic, lightly drained
A: (nimble swimmer 2), mertail, berserk 1, low MP 1, robust 1
a: Renounce Religion, Heroism


You were on level 6 of the Dungeon.
You worshipped Okawaru.
Okawaru was aware of your devotion.
You visited 1 branch of the dungeon, and saw 6 of its levels.

You collected 1140 gold pieces.
You spent 182 gold pieces at shops.

Inventory:

Hand Weapons
 k - a +0 vampiric scythe (weapon)
Missiles
 d - 6 throwing nets (quivered)
 e - 6 javelins
Armour
 b - a +0 leather armour (worn)
 c - a +0 helmet (worn)
Jewellery
 f - a +6 ring of strength (left hand)
 l - a ring of willpower (right hand)
 o - an amulet of reflection (around neck)
Wands
 m - a wand of flame (21)
Scrolls
 i - 2 scrolls of teleportation
 n - 3 scrolls of identify
Potions
 g - 3 potions of heal wounds
 h - a potion of brilliance
 j - a potion of cancellation
 p - a potion of resistance
 q - a potion of invisibility


   Skills:
 + Level 4.3(9.3) Fighting
 * Level 7.7(12.7) Polearms
 * Level 5.4(10.4) Throwing
 * Level 3.6(8.6) Armour
 + Level 6.1(11.1) Dodging
 + Level 2.2 Invocations
 - Level 0.3 Evocations


You had 7 spell levels left.
You didn't know any spells.
Your spell library contained the following spells:

 Spells                   Type           Power      Damage    Failure   Level
 Ensorcelled Hibernation  Hex/Ice        0%         N/A       58%         2
 Spider Form              Tmut/Pois      0%         N/A       82%         3
 Anguish                  Hex/Necr       0%         N/A       99%         4
 Passage of Golubria      Tloc           0%         N/A       99%         4
 Yara's Violent Unravell  Hex/Tmut       0%         3d3       100%        5
 Tukima's Dance           Hex            Unusable   N/A       N/A         3

Dungeon Overview and Level Annotations

Branches:
Dungeon (6/15)
 Temple: D:4-7

Altars:
Okawaru
Trog

Shops:
D:5 [=!(


Innate Abilities, Weirdness & Mutations

((You are very nimble when in or above water. (Stealth+, EV+, Speed+++)))
Your lower body shifts to a powerful aquatic tail in water.
You sometimes lose your temper in combat.
Your magical capacity is low. (-10% MP)
You are robust. (+10% HP)


Message History

The wight hits you from afar with a +0 trident.
You block the wight's attack.
You hit the wight but do no damage. The wight hits you with a +0 hand axe.
The wight hits you from afar with a +0 trident!
You are too injured to fight recklessly!
You are too injured to fight recklessly!
You are too injured to fight recklessly!
You are too injured to fight recklessly!
You are too injured to fight recklessly!
You are too injured to fight recklessly!
You are too injured to fight recklessly!
You are too injured to fight recklessly!
You are too injured to fight recklessly!
You are too injured to fight recklessly!
You are too injured to fight recklessly!
You are too injured to fight recklessly!
You hit the wight but do no damage. The wight closely misses you. x2
You hit the wight but do no damage. The wight hits you with a +0 hand axe!
* * * LOW HITPOINT WARNING * * *
You feel drained.
* * * LOW HITPOINT WARNING * * *
The wight misses you.
You gain the combat prowess of a mighty hero.
You block the wight's attack. x2
You hit the wight.
The wight is lightly damaged.
The wight misses you. The wight completely misses you.
You barely miss the wight.
The wight is lightly damaged.
The wight closely misses you. You block the wight's attack.
You hit the wight.
The wight is heavily damaged.
You block the wight's attack. x2
You hit the wight but do no damage.
The wight is heavily damaged.
The wight hits you with a +0 hand axe!
* * * LOW HITPOINT WARNING * * *
You feel drained.
The wight hits you from afar with a +0 trident!
You die...

..###>#.#.......#.#
..###.............#
....)##.######.####.# .
....................#
..
......#.######.######.#
...<..# .... #........#
...)..# ###.#..).....#
......# .......).....#
......# ###.#..@....##
......# #.#..z.......
#####.# #.#.##z#+####
......# #.#.# ..
......# #.#.# ...
......# #.#.# ....
>.....# ###.#.# .#.#.
......#+##.....# .#.#.!
............<..#


You could see 2 wights.

Vanquished Creatures
  Grinder (D:3)
  Sigmund (D:2)
  2 ogres (D:5)
  A centaur (D:5)
  2 phantoms
  A scorpion (D:5)
  3 wights (D:6)
  4 hounds
  2 jellies (D:4)
  An iguana (D:6)
  Jessica (D:3)
  3 adders
  10 gnolls
  2 ufetubi (D:5)
  3 worms
  3 dart slugs
  2 orcs
  A bat (D:1)
  6 endoplasms
  4 giant cockroaches
  10 goblins
  7 hobgoblins
  3 jackals (D:2)
  8 kobolds
  A quokka (D:5)
  8 ball pythons
  2 frilled lizards
  7 rats
99 creatures vanquished.

Notes
Turn   | Place    | Note
-------+----------+-------------------------------------------
     0 | D:1      | qeuew the Merfolk Gladiator began the quest for the Orb.
     0 | D:1      | Reached XP level 1. HP: 16/16 MP: 1/1
    68 | D:1      | Reached XP level 2. HP: 22/22 MP: 2/2
   480 | D:1      | Reached XP level 3. HP: 28/28 MP: 3/3
   579 | D:2      | Identified the +11 mace of Exquisite Torment {pain, rN+
                  | Dex+2}
   904 | D:2      | Reached skill level 1 in Armour
  1064 | D:2      | Reached XP level 4. HP: 12/34 MP: 4/4
  1228 | D:2      | Identified the +11 dagger of Mourning {elec, *Rage Str+6}
  1450 | D:2      | Noticed Sigmund
  1467 | D:2      | Killed Sigmund
  1468 | D:2      | Reached skill level 5 in Polearms
  1468 | D:2      | Reached XP level 5. HP: 29/41 MP: 5/5
  1468 | D:2      | Reached XP level 6. HP: 34/47 MP: 6/6
  1724 | D:3      | Noticed Grinder
  1741 | D:3      | HP: 1/47 [adder (4)]
  1765 | D:3      | Killed Grinder
  1766 | D:3      | Reached skill level 6 in Polearms
  1766 | D:3      | Reached skill level 5 in Dodging
  1766 | D:3      | Reached XP level 7. HP: 12/52 MP: 7/7
  1997 | D:3      | Found the +5 robe of Misfortune {Harm *Corrode *Slow EV+5}
  2288 | D:3      | Noticed Jessica
  2292 | D:3      | Killed Jessica
  2405 | D:4      | Found an iron altar of Okawaru.
  2424 | D:4      | Became a worshipper of Warmaster Okawaru
  2935 | D:4      | Found a bloodstained altar of Trog.
  2942 | D:4      | Reached skill level 1 in Invocations
  3151 | D:4      | Identified a scroll of acquirement
  3151 | D:4      | Acquired 773 gold pieces
  3174 | D:5      | Entered Level 5 of the Dungeon
  3401 | D:5      | Reached XP level 8. HP: 60/60 MP: 8/8
  3417 | D:5      | Reached * piety under Okawaru
  3418 | D:5      | Reached skill level 7 in Polearms
  3487 | D:5      | Found Dotymatal's Antique Weapon Shoppe.
  3492 | D:5      | Found Cynkir Waga's Distillery.
  3492 | D:5      | Found Iffemelu's Jewellery Emporium.
  3494 | D:5      | Found Kifiri's Armour Boutique.
  3505 | D:5      | Bought a potion of invisibility for 112 gold pieces
  3505 | D:5      | Bought a potion of heal wounds for 70 gold pieces
  3521 | D:5      | Reached skill level 5 in Throwing
  3726 | D:5      | Gained mutation: Your magical capacity is low. (-10% MP)
                  | [potion of mutation]
  3726 | D:5      | Gained mutation: You are robust. (+10% HP) [potion of
                  | mutation]
  3726 | D:5      | Gained mutation: You sometimes lose your temper in combat.
                  | [potion of mutation]
  3949 | D:6      | Slain by a wight

Illustrated notes

Levels and vault maps discovered:
D:1:      eino_arrival_water_star, layout_basic
D:2:      minmay_general_purpose_star, layout_basic, minmay_tromino_i2,
          uniq_sigmund
D:3:      layout_rooms, uniq_jessica, uniq_grinder
D:4:      layout_rooms, mainiacjoe_overflow_surrounded_room, okawaru_gym_becter
D:5:      layout_cave_pools, minivault_19, nicolae_wooded_promenade,
          hangedman_glass_teeth
D:6:      layout_basic, minmay_temple_entry_mist

Skill      XL: |  1  2  3  4  5  6  7  8 |
---------------+-------------------------+-----
Armour         | 1 2 3 |  3.6
Fighting       | 3 4 |  4.3
Polearms       | 5 6 7 |  7.7
Throwing       | 3 4 5 |  5.4
Dodging        | 5 6 |  6.1
Invocations    | 1 2 |  2.2
Evocations     | |  0.3

Action                     |  1- 3 |  4- 6 |  7- 9 || total
---------------------------+-------+-------+-------++-------
  Melee: Trident           |   120 |    21 |       ||   141
         Punch             |       |     1 |       ||     1
         Halberd           |       |    28 |   174 ||   202
  Throw: Throwing net      |       |     1 |       ||     1
 Invoke: Heroism           |       |       |     1 ||     1
    Use: Scroll            |     3 |     2 |     5 ||    10
         Potion            |     2 |     2 |     2 ||     6
   Stab: Sleeping          |     5 |     1 |       ||     6
         Distracted        |       |       |     1 ||     1
 Armour: Leather armour    |    17 |    12 |    28 ||    57
  Dodge: Dodged            |    60 |    34 |   112 ||   206
  Block: Other             |       |       |    20 ||    20
         Reflection        |       |       |     2 ||     2

Table legend: (Time is in decaauts)
 A = Elapsed time spent in this place.
 B = Non-inter-level travel time spent in this place.
 C = Inter-level travel time spent in this place.
 D = Time resting spent in this place.
 E = Time spent auto-exploring this place.
 F = Levels seen in this place.
 G = Mean time per level.
                   A        B        C        D        E       F      G
               +--------+--------+--------+--------+--------+-----+--------+
         Total |   3983 |   3832 |    151 |      0 |   3067 |   6 |  663.8 |
       Dungeon |   3983 |   3832 |    151 |      0 |   3067 |   6 |  663.8 |
               +--------+--------+--------+--------+--------+-----+--------+

Top non-repeatable levels by time:
     D:2: 1187 daAuts
     D:3: 864 daAuts
     D:4: 608 daAuts
     D:5: 573 daAuts
     D:1: 541 daAuts
     D:6: 209 daAuts
